 Dungeon Crawl Stone Soup version 0.29.1-15-g9cfb28693d (webtiles) character file.

Game seed: 10583490338528298487

95 firemarshallily the Sneak (level 4, -9/60 HPs)
             Began as a Naga Brigand on Apr 17, 2023.
             Mangled by an orc warrior
             ... wielding a +0 mace
              (12 damage)
             ... on level 3 of the Dungeon.
             The game lasted 00:04:41 (1860 turns).

firemarshallily the Sneak (Naga Brigand)            Turns: 1860, Time: 00:04:42

Health: -9/60      AC:  5    Str: 13    XL:     4   Next: 65%
Magic:  4/4        EV:  9    Int: 11    God:
Gold:   97         SH:  0    Dex: 15    Spells: 3/3 levels left

rFire   + . .      SeeInvis +   a - +4 dagger
rCold   . . .      Faith    .   (no shield)
rNeg    . . .      Spirit   .   b - +0 robe
rPois   +          Reflect  .   p - +1 helmet
rElec   +          Harm     .   c - +0 cloak
rCorr   +          Rampage  .   (no gloves)
Will    .....                   (no barding)
Stlth   ..........              (no amulet)
HPRegen 0.20/turn               l - ring of Kyerimos {rElec rPois rF+ rCorr}
MPRegen 0.09/turn               (no ring)

@: mighty, berserking, quick
A: AC +1, large, see invisible, deformed body, poison resistance, slowness 2,
spit poison 1, naga tail 1
a: Spit Poison


You were on level 3 of the Dungeon.
You visited 1 branch of the dungeon, and saw 3 of its levels.

You collected 97 gold pieces.

Inventory:

Hand Weapons
 a - a +4 dagger (weapon)
Missiles
 d - 9 poisoned darts
 e - 3 curare-tipped darts
 h - 6 atropa-tipped darts
 n - 6 javelins
Armour
 b - a +0 robe (worn)
 c - a +0 cloak (worn)
 p - a +1 helmet (worn)
Jewellery
 l - the ring of Kyerimos (left hand) {rElec rPois rF+ rCorr}
   (You found it on level 2 of the Dungeon)

   [ring of resist corrosion]

   rF:        It protects you from fire.
   rElec:     It insulates you from electricity.
   rPois:     It protects you from poison.
   rCorr:     It protects you from acid and corrosion.
Scrolls
 f - a scroll of identify
 g - a scroll of noise
Potions
 i - a potion of mutation {unknown}
 k - a potion of lignification {unknown}
 o - a potion of might


   Skills:
 + Level 2.6 Fighting
 * Level 3.3 Short Blades
 - Level 1.7 Throwing
 - Level 0.7 Dodging
 * Level 7.3 Stealth


You had 3 spell levels left.
You didn't know any spells.
Your spell library contained the following spells:

 Spells                   Type           Power      Damage    Failure   Level
 Beastly Appendage        Tmut           0%         N/A       34%         1
 Wereblood                Tmut           0%         N/A       47%         2
 Conjure Flame            Conj/Fire      0%         6-21      71%         3
 Ignite Poison            Fire/Tmut/Pois 0%         N/A       71%         3
 Spider Form              Tmut/Pois      0%         N/A       71%         3
 Summon Guardian Golem    Hex/Summ       0%         N/A       71%         3
 Sticky Flame             Conj/Fire      0%         2d3       98%         4
 Orb of Destruction       Conj           0%         9d5       100%        7
 Spellforged Servitor     Conj/Summ      0%         N/A       100%        7


Dungeon Overview and Level Annotations

Branches:
Dungeon (3/15)

Altars:


Innate Abilities, Weirdness & Mutations

Your serpentine skin is tough. (AC +1)
You have supernaturally acute eyesight. (SInv)
Armour fits poorly on your strangely shaped body.
Your system is resistant to poisons. (rPois)
You cover ground very slowly.
You can spit poison.
You have a snake-like lower body.


Message History

Press: ? - help, Q - select action, (/) - cycle Shift-Dir - straight line, f - orc
Aim: an orc, wielding a +0 dagger (59% to hit)
The splash of poison hits the adder.
The adder is heavily wounded.
The adder bites you. The adder bites you but does no damage.
The adder attacks as you move away! The adder bites you. The adder misses you.
You see here a +0 club.
The adder barely misses you.
You hit the adder.
The adder is severely wounded.
You have got your breath back.
The adder bites you but does no damage.
You completely miss the adder.
The adder is severely wounded.
The adder bites you.
You closely miss the adder.
The adder is severely wounded.
The adder bites you but does no damage.
As you read the scroll of enchant weapon, it crumbles to dust.
Your +3 dagger glows red for a moment.
The adder bites you. x2
You hit the adder.
You kill the adder!
It was a potion of might.
You feel very mighty all of a sudden.
The orc warrior hits you with a +0 mace!
* * * LOW HITPOINT WARNING * * *
You puncture the orc warrior!
The orc warrior is moderately wounded.
The orc warrior closely misses you.
It was a potion of berserk rage.
A red film seems to cover your vision as you go berserk!
You feel yourself moving faster!
You feel mighty!
The orc warrior hits you with a +0 mace!
* * * LOW HITPOINT WARNING * * *
You hit the orc warrior.
The orc warrior is heavily wounded.
You hit the orc warrior.
The orc warrior is severely wounded.
The orc warrior hits you with a +0 mace!
You die...

# ########### ########..
####.........######.........
####...........................
....>..........................
#######.........######..#####.
..............### ##.##
######.########o## #..##
#.#######.#@# ##..###
#.##..##o#### ##...#
#.....#o##.# ####'#####
###...ggg..# #.........
#........# .............
#...!....# .............
#........# .............
##.......# .............
#.......# .......#.####


You could see an orc warrior.

Vanquished Creatures
  4 adders
  A gnoll (D:1)
  2 worms (D:2)
  2 dart slugs
  3 endoplasms
  2 giant cockroaches
  3 hobgoblins
  3 jackals (D:1)
  3 quokkas
  2 ball pythons
  A bat (D:1)
  A frilled lizard (D:1)
  4 goblins (D:1)
  3 kobolds
  8 rats
42 creatures vanquished.

Notes
Turn   | Place    | Note
-------+----------+-------------------------------------------
     0 | D:1      | firemarshallily the Naga Brigand began the quest for the
                  | Orb.
     0 | D:1      | Reached XP level 1. HP: 19/19 MP: 1/1
    40 | D:1      | Reached skill level 6 in Stealth
    40 | D:1      | Reached XP level 2. HP: 9/26 MP: 2/2
   706 | D:1      | Reached XP level 3. HP: 32/32 MP: 3/3
  1283 | D:2      | Identified the ring of Kyerimos {rElec rPois rF+ rCorr}
  1349 | D:2      | Reached XP level 4. HP: 40/40 MP: 4/4
  1352 | D:2      | Reached skill level 7 in Stealth
  1834 | D:3      | Noticed an orc warrior
  1858 | D:3      | HP: 3/60 [orc warrior/+0 mace (8)]
  1860 | D:3      | Mangled by an orc warrior

Illustrated notes

Levels and vault maps discovered:
D:1:      minmay_arrival_stone_box, layout_loops_ring
D:2:      layout_rooms, minmay_misc_feat_chi
D:3:      layout_basic, mainiacjoe_overflow_brackets,
          ebering_ecumenical_altar_sacrificial, amethyst_killhole,
          kennysheep_generic_room_14

Skill      XL: |  1  2  3  4 |
---------------+-------------+-----
Stealth        | 6 7 |  7.3
Short Blades   | 3 |  3.3
Fighting       | |  2.6
Throwing       | |  1.7
Dodging        | |  0.7

Action                   |  1- 3 |  4- 6 || total
-------------------------+-------+-------++-------
Melee: Dagger            |    81 |    54 ||   135
       Punch             |     1 |       ||     1
 Abil: Spit Poison       |    13 |     5 ||    18
  Use: Scroll            |       |     4 ||     4
       Potion            |       |     4 ||     4
 Stab: Sleeping          |     7 |     2 ||     9
Armor: Robe              |    16 |    16 ||    32
Dodge: Dodged            |    25 |    23 ||    48
